 Dungeon Crawl Stone Soup version 0.27-a0-911-gfacc31910f (webtiles) character file.

Game seed: 1506171494546643642

3 DarkShadow the Chopper (level 1, -2/18 HPs)
             Began as a Minotaur Gladiator on Apr 9, 2021.
             Slain by a hobgoblin (3 damage)
             ... on level 1 of the Dungeon.
             The game lasted 00:00:19 (295 turns).

DarkShadow the Chopper (Minotaur Gladiator)          Turns: 295, Time: 00:00:19

Health: -2/18      AC:  3    Str: 18    XL:     1   Next: 41%
Magic:  0/0        EV: 12    Int:  5    God:
Gold:   0          SH:  0    Dex: 11    Spells: 0/0 levels left

rFire    . . .     SeeInvis .   a - +0 war axe
rCold    . . .     Faith    .   (no shield)
rNeg     . . .     Spirit   .   b - +0 leather armour
rPois    .         Reflect  .   c - +0 hat
rElec    .         Harm     .   (no cloak)
rCorr    .         Rampage  .   (no gloves)
Will     .....                  (no boots)
Stlth    +.........             (no amulet)
HPRegen  0.06/turn              (no ring)
MPRegen  0.07/turn              (no ring)

@: no status effects
A: horns 2, retaliatory headbutt
a: no special abilities


You were on level 1 of the Dungeon.
You visited 1 branch of the dungeon, and saw 1 of its levels.

Inventory:

Hand Weapons
 a - a +0 war axe (weapon)
Missiles
 d - 3 throwing nets (quivered)
Armour
 b - a +0 leather armour (worn)
 c - a +0 hat (worn)
Potions
 e - a potion of flight {unknown}


   Skills:
 + Level 2.4 Fighting
 + Level 3.7 Axes
 + Level 2.0 Throwing
 + Level 3.4 Dodging


You couldn't memorise any spells.
You didn't know any spells.
Your spell library was empty.

Dungeon Overview and Level Annotations

Branches:
Dungeon (1/15)

Altars:


Innate Abilities, Weirdness & Mutations

You have a pair of horns on your head.
You reflexively headbutt those who attack you in melee.


Message History

The hobgoblin barely misses you. The hobgoblin barely misses you.
You furiously retaliate!
You headbutt the hobgoblin. The hobgoblin misses you.
The hobgoblin hits you but does no damage.
The hobgoblin hits you. The hobgoblin closely misses you.
The hobgoblin hits you. The hobgoblin hits you.
The hobgoblin closely misses you. The hobgoblin hits you.
The hobgoblin misses you. You furiously retaliate!
You headbutt the hobgoblin, but do no damage.
The hobgoblin hits you but does no damage.
The hobgoblin barely misses you.
The hobgoblin hits you but does no damage.
The hobgoblin misses you. The hobgoblin barely misses you.
You furiously retaliate!
You headbutt the hobgoblin, but do no damage.
The hobgoblin barely misses you. You furiously retaliate!
You headbutt the hobgoblin. The hobgoblin closely misses you.
The hobgoblin misses you. You furiously retaliate!
You headbutt the hobgoblin. The hobgoblin hits you.
The hobgoblin barely misses you. You furiously retaliate!
You headbutt the hobgoblin, but do no damage.
The hobgoblin hits you. The hobgoblin closely misses you.
The hobgoblin hits you. The hobgoblin hits you.
* * * LOW HITPOINT WARNING * * *
The hobgoblin closely misses you. The hobgoblin hits you.
* * * LOW HITPOINT WARNING * * *
The hobgoblin hits you.
* * * LOW HITPOINT WARNING * * *
The hobgoblin hits you.
* * * LOW HITPOINT WARNING * * *
The hobgoblin hits you.
You die...

......# #. #.....#
##.##.....# #
...........##+##.#
............!.....
.......#.#.#....#
..........g.....#
......#.#@#....#
...............#
#.##.#.#.#....#
#.......##.#
###.....# ..
#.####.....# .
###..........#
#<#######....#
#.#..........#


You could see a hobgoblin.

Vanquished Creatures
  A kobold (D:1)
  A quokka (D:1)
  A goblin (D:1)
3 creatures vanquished.

Notes
Turn   | Place    | Note
-------+----------+-------------------------------------------
     0 | D:1      | DarkShadow the Minotaur Gladiator began the quest for the
                  | Orb.
     0 | D:1      | Reached XP level 1. HP: 18/18 MP: 0/0
   295 | D:1      | Slain by a hobgoblin

Illustrated notes

Levels and vault maps discovered:
D:1:      amcnicky_arrival_feature_with_door, layout_basic,
          basic_ecumenical_altar, serial_glass, glass_columns_b, glass_columns_b

Action                   || total
-------------------------++-------
Melee: War axe           ||     3
Armor: Leather armour    ||     9
Dodge: Dodged            ||    23

Table legend: (Time is in decaauts)
 A = Elapsed time spent in this place.
 B = Non-inter-level travel time spent in this place.
 C = Inter-level travel time spent in this place.
 D = Time resting spent in this place.
 E = Time spent auto-exploring this place.
 F = Levels seen in this place.
 G = Mean time per level.
                   A        B        C        D        E       F      G
               +--------+--------+--------+--------+--------+-----+--------+
         Total |    295 |    295 |      0 |      0 |    184 |   1 |  295.0 |
       Dungeon |    295 |    295 |      0 |      0 |    184 |   1 |  295.0 |
               +--------+--------+--------+--------+--------+-----+--------+

Top non-repeatable levels by time:
     D:1: 295 daAuts
